 Dungeon Crawl Stone Soup version 0.30-a0-170-g85af917532 (webtiles) character file.

Game seed: 13889846947689983365

99 scionoferis the Shooter (level 5, -3/32 HPs)
             Began as a Kobold Hunter on Sept 30, 2022.
             Killed by nerve-wracking pain
             ... invoked by an orc priest
              (11 damage)
             ... on level 2 of the Dungeon.
             The game lasted 00:06:10 (2618 turns).

scionoferis the Shooter (Kobold Hunter)             Turns: 2618, Time: 00:06:10

Health: -3/32      AC:  3    Str:  9    XL:     5   Next: 2%
Magic:  5/5        EV: 15    Int: 10    God:
Gold:   30         SH:  0    Dex: 20    Spells: 4/4 levels left

rFire   . . .      SeeInvis .    b - +2 dagger (freeze)
rCold   . . .      Faith    .    (no shield)
rNeg    . . .      Spirit   .    c - +0 leather armour
rPois   .          Reflect  .    (no helmet)
rElec   .          Harm     .    (no cloak)
rCorr   .          Rampage  .    (no gloves)
Will    .....                    (no boots)
Stlth   +++.......               (no amulet)
HPRegen 0.10/turn                (no ring)
MPRegen 0.09/turn                (no ring)

@: no status effects
A: small, no large weapons, nightstalker 3
a: no special abilities


You were on level 2 of the Dungeon.
You visited 1 branch of the dungeon, and saw 3 of its levels.

You collected 30 gold pieces.

Inventory:

Hand Weapons
 a - a +0 shortbow
 b - a +2 dagger of freezing (weapon)
 o - a +0 dagger
Missiles
 h - 4 poisoned darts (quivered)
Armour
 c - a +0 leather armour (worn)
Scrolls
 d - a scroll of immolation
 f - a scroll of identify
 n - a scroll of fear
Potions
 e - a potion of degeneration {unknown}
 g - a potion of curing {unknown}
 i - a potion of magic {unknown}
 j - a potion of attraction {unknown}
 l - a potion of brilliance {unknown}
 m - a potion of mutation {unknown}
 p - a potion of cancellation {unknown}


   Skills:
 + Level 3.5 Fighting
 * Level 2.6 Short Blades
 + Level 5.7 Ranged Weapons
 + Level 0.9 Armour
 + Level 3.0 Dodging
 - Level 1.3 Stealth


You had 4 spell levels left.
You didn't know any spells.
Your spell library was empty.

Dungeon Overview and Level Annotations

Branches:
Dungeon (3/15)

Altars:

Shops:
D:1 =


Innate Abilities, Weirdness & Mutations

You are small and have problems with some larger weapons.
You are completely attuned to the shadows.


Message History

A jackal comes into view.
A jackal is nearby!
You shoot an arrow. The jackal barks!
The arrow hits the jackal.
You kill the jackal!
As you read the scroll of identify, it crumbles to dust.
n - a scroll of fear The jackal barks!
Your +2 dagger of freezing glows with a cold blue light!
b - a +2 dagger of freezing (weapon)
A giant cockroach comes into view.
You hit the jackal but do no damage. The jackal closely misses you.
The jackal bites you.
The orc priest mumbles some strange prayers to Beogh against you.
Beogh smites you!
A worm comes into view.
The orc priest barely misses you. The jackal misses you.
The orc priest hits you with a +0 dagger.
The jackal attacks as you move away!
The jackal bites you but does no damage.
The orc priest misses you.
There is a stone staircase leading up here.
The jackal completely misses you. The jackal misses you.
The orc priest hits you with a +0 dagger.
You climb upwards.
There is a stone staircase leading down here.
You barely miss the orc priest.
The jackal bites you but does no damage.
You hit the orc priest. You freeze the orc priest.
The orc priest is moderately wounded.
The orc priest hits you with a +0 dagger.
* * * LOW HITPOINT WARNING * * *
The jackal barely misses you.
You closely miss the orc priest.
The orc priest is moderately wounded.
The orc priest mumbles some strange prayers to Beogh against you.
Pain shoots through your body!
You die...

#....# #...## #...#
########
##...####......#
#.....#........#
#######.....#....[...#
#......)....#........#
#........####..[.#####
'...........'..h@#
#........####..o.###
#........# #...)..#
#........# #......#
######'### #......####
.........# #.........#
.....)...#######'#<...#
..................)...#
................).....#


You could see an orc priest and a jackal.

Vanquished Creatures
  4 adders (D:2)
  4 orcs (D:2)
  3 ball pythons
  4 bats
  6 endoplasms
  A giant cockroach (D:1)
  9 goblins
  5 hobgoblins
  4 jackals
  4 kobolds
  4 frilled lizards
  5 rats
53 creatures vanquished.

Notes
Turn   | Place    | Note
-------+----------+-------------------------------------------
     0 | D:1      | scionoferis the Kobold Hunter began the quest for the Orb.
     0 | D:1      | Reached XP level 1. HP: 12/12 MP: 1/1
   586 | D:1      | Reached XP level 2. HP: 18/18 MP: 2/2
   869 | D:1      | Reached skill level 1 in Short Blades
   957 | D:1      | Found Xaikh's One-of-a-Kind Rings.
  1225 | D:1      | Reached XP level 3. HP: 22/22 MP: 3/3
  1585 | D:2      | Identified the +0 ring mail "Geunahal" {Int+5}
  1652 | D:2      | Found a faded altar of an unknown god.
  1735 | D:2      | Reached XP level 4. HP: 22/28 MP: 4/4
  2554 | D:2      | Reached XP level 5. HP: 27/32 MP: 5/5
  2618 | D:2      | Killed from afar by an orc priest

Illustrated notes

Levels and vault maps discovered:
D:1:      dpeg_arrival_houses_and_road, layout_basic, hangedman_glass_teeth,
          nicolae_shop_unique_rings
D:2:      layout_basic, basic_ecumenical_altar
D:3:      layout_rooms, tso_oasis_becter, nicolae_overflow_hidden_temple

Skill      XL: |  1  2  3  4 |
---------------+-------------+-----
Short Blades   | 1 2 |  2.6
Fighting       | 3 |  3.5
Dodging        | 3 |  3.0
Ranged Weapons | |  5.7
Armour         | |  0.9
Stealth        | |  1.3

Action                   |  1- 3 |  4- 6 || total
-------------------------+-------+-------++-------
Melee: Dagger            |    20 |    47 ||    67
       Punch             |       |     1 ||     1
 Fire: Shortbow          |    65 |    20 ||    85
Throw: Dart              |       |     1 ||     1
  Use: Scroll            |       |     3 ||     3
Armor: Leather armour    |     2 |    13 ||    15
Dodge: Dodged            |    33 |    46 ||    79

Table legend: (Time is in decaauts)
 A = Elapsed time spent in this place.
 B = Non-inter-level travel time spent in this place.
 C = Inter-level travel time spent in this place.
 D = Time resting spent in this place.
 E = Time spent auto-exploring this place.
 F = Levels seen in this place.
 G = Mean time per level.
                   A        B        C        D        E       F      G
               +--------+--------+--------+--------+--------+-----+--------+
         Total |   2626 |   2489 |    137 |    314 |   1809 |   3 |  875.3 |
       Dungeon |   2626 |   2489 |    137 |    314 |   1809 |   3 |  875.3 |
               +--------+--------+--------+--------+--------+-----+--------+

Top non-repeatable levels by time:
     D:1: 1569 daAuts
     D:2: 1035 daAuts
     D:3: 20 daAuts
